 Dungeon Sprint DCSS version 0.17.1-2-g5865329 (webtiles) character file.

1010 dearth the Basher (level 8, -3/85 HPs)
             Began as a Minotaur Berserker on Jan 28, 2016.
             Was a Priest of Trog.
             Slain by a flying skull (7 damage)
             ... in the Dungeon (Sprint II: "The Violet Keep of Menkaure").
             The game lasted 00:01:48 (421 turns).

dearth the Basher (Minotaur Berserker)               Turns: 421, Time: 00:01:48

Health: -3/85      AC:  2    Str: 25    XL:     8   Next: 1%
Magic:  7/7        EV: 14    Int:  4    God:    Trog [***...]
Gold:   729        SH:  0    Dex:  9    Spells: 0 memorised, 7 levels left

rFire  . . .     SeeInvis .     a - +0 mace
rCold  . . .     Clarity  .     b - +0 animal skin
rNeg   . . .     SustAt   .     (no shield)
rPois  .         Gourm    .     (helmet restricted)
rElec  .         Spirit   .     (no cloak)
rCorr  .         Warding  .     (no gloves)
rMut   .         NoTele   +     (no boots)
MR     .....                    (no amulet)
Stlth  +.........               (no ring)
                                (no ring)

@: exhausted, slowed, very slow, not resistant to hostile enchantments, very
unstealthy
A: retaliatory headbutt, horns 2
a: Berserk, Trog's Hand, Burn Spellbooks, Renounce Religion


You were in the Dungeon.
You worshipped Trog.
Trog was most pleased with you.
You were hungry.

You visited 1 branch You collected 729 gold pieces.

Inventory:

Hand Weapons
 a - a +0 mace (weapon)
Armour
 b - a +0 animal skin (worn)
Scrolls
 i - a scroll of blinking
Potions
 d - a potion of curing
 e - a potion of heal wounds
 f - a potion of haste
 g - 2 potions of magic
 h - a potion of berserk rage
Comestibles
 c - a bread ration
 j - 6 chunks of flesh


   Skills:
 + Level 12.9 Fighting
 + Level 13.2 Maces & Flails
 + Level 6.7 Armour
 + Level 7.5 Dodging


You had 7 spell levels left.
You didn't know any spells.

Dungeon Overview and Level Annotations

Branches:
Dungeon (1/1)

Altars:

Shops:
D ([(}:?(?(!%!==[


Innate Abilities, Weirdness & Mutations

You reflexively headbutt those who attack you in melee.
You have a pair of horns on your head.


Message History

The flying skull hits you!
* * * LOW HITPOINT WARNING * * *
You hit the flying skull.
You headbutt the flying skull, but do no damage.
The flying skull is lightly damaged.
The flying skull barely misses you. You furiously retaliate!
You headbutt the flying skull, but do no damage.
The flying skull closely misses you.
You closely miss the flying skull. Your headbutt misses the flying skull.
The flying skull is lightly damaged.
The flying skull misses you. You furiously retaliate!
You headbutt the flying skull.
You hit the flying skull but do no damage.
You headbutt the flying skull.
The flying skull is heavily damaged.
The flying skull closely misses you. x2
You hit the flying skull.
The flying skull is severely damaged.
The flying skull hits you!
You die...

#≈≈#§++#+++##
#######≈≈≈z........#
..∩.∩.#≈≈≈ ##'#
.∩.∩..#≈≈≈ ##.#.##
∩.∩...#≈≈ #.###.#
.∩....#≈≈####÷#÷##
∩.∩...#≈##.###'##
.∩.∩..#≈##..##z##
..∩.∩.'≈'.##†.@.+
...∩.∩#≈##..##.##
▓▓▓▓###≈##.###'##
s######≈≈####...## $
##≈ #..#..# +#
##.#.## ##'## ≈≈≈
+++#


You could see a flying skull.

Vanquished Creatures
  2 flying skulls (D)
  2 hippogriffs (D)
  4 necrophages (D)
  4 worker ants (D)
12 creatures vanquished.

Vanquished Creatures (others)
  A crocodile (D)
1 creature vanquished.

Grand Total: 13 creatures vanquished

Notes
Turn   | Place    | Note
--------------------------------------------------------------
     0 | D        | dearth the Minotaur Berserker began the quest for the Orb.
     0 | D        | Reached XP level 1. HP: 19/19 MP: 0/0
     1 | D        | Noticed a necrophage
     1 | D        | Noticed a necrophage
     1 | D        | Noticed a necrophage
     1 | D        | Noticed a necrophage
     5 | D        | Killed a necrophage
     5 | D        | Reached skill level 7 in Fighting
     5 | D        | Reached XP level 2. HP: 34/34 MP: 1/1
     5 | D        | Reached XP level 3. HP: 39/39 MP: 2/2
     5 | D        | Reached XP level 4. HP: 47/47 MP: 3/3
     8 | D        | Killed a necrophage
     8 | D        | Reached skill level 8 in Fighting
     8 | D        | Reached skill level 9 in Maces & Flails
     8 | D        | Reached XP level 5. HP: 52/56 MP: 4/4
    10 | D        | Killed a necrophage
    10 | D        | Reached skill level 5 in Armour
    13 | D        | Killed a necrophage
    13 | D        | Reached skill level 10 in Fighting
    13 | D        | Reached skill level 10 in Maces & Flails
    13 | D        | Reached skill level 5 in Dodging
    13 | D        | Reached XP level 6. HP: 60/67 MP: 5/5
    56 | D        | Noticed a lava snake
    64 | D        | Noticed a hippogriff
    64 | D        | Noticed a hippogriff
    65 | D        | Killed a crocodile
    69 | D        | Killed a hippogriff
    69 | D        | Reached skill level 11 in Fighting
    71 | D        | Killed a hippogriff
    71 | D        | Reached ** piety under Trog
    71 | D        | Reached skill level 12 in Maces & Flails
    71 | D        | Reached XP level 7. HP: 24/75 MP: 6/6
   330 | D        | Noticed a flying skull
   330 | D        | Noticed a flying skull
   331 | D        | Noticed a flying skull
   331 | D        | Noticed a flying skull
   331 | D        | Noticed a flying skull
   331 | D        | Noticed a flying skull
   331 | D        | Noticed a flying skull
   332 | D        | Noticed a flying skull
   332 | D        | Noticed a flying skull
   332 | D        | Noticed a flying skull
   338 | D        | Noticed a worker ant
   338 | D        | Noticed a worker ant
   338 | D        | Noticed a worker ant
   338 | D        | Noticed a worker ant
   340 | D        | Killed a worker ant
   342 | D        | Killed a worker ant
   343 | D        | Killed a worker ant
   346 | D        | Killed a worker ant
   346 | D        | Reached *** piety under Trog
   385 | D        | Found Bofad's Antique Armour Shop.
   385 | D        | Found Cach's Distillery.
   385 | D        | Found Xefiv's Food Shop.
   385 | D        | Found Boninnir's Magic Scroll Boutique.
   385 | D        | Found Qaujeyv's Antique Weapon Shop.
   385 | D        | Found Juadoat's Distillery.
   385 | D        | Found Muucsilo's Magic Scroll Boutique.
   386 | D        | Found Jineizuk's Book Boutique.
   386 | D        | Found Geppess's Gadget Shop.
   386 | D        | Found Paonok's Antique Weapon Boutique.
   386 | D        | Found Jolapn's Jewellery Shop.
   387 | D        | Found Kerhiefy's Antique Armour Shop.
   387 | D        | Found Iqodic's Antique Weapon Boutique.
   387 | D        | Noticed a flying skull
   387 | D        | Noticed a redback
   388 | D        | Found Bovuutz's Jewellery Boutique.
   388 | D        | Found Tolop's Antique Weapon Shop.
   400 | D        | Killed a flying skull
   400 | D        | Reached skill level 13 in Maces & Flails
   403 | D        | Killed a flying skull
   403 | D        | Reached XP level 8. HP: 84/85 MP: 7/7
   417 | D        | HP: 3/85 [flying skull (13)]
   421 | D        | Slain by a flying skull

Action                   |  1- 3 |  4- 6 |  7- 9 || total
-------------------------+-------+-------+-------++-------
Melee: Mace              |     3 |    13 |    24 ||    40
Invok: Berserk           |     1 |     1 |     2 ||     4
  Eat: Chunk             |       |       |     2 ||     2
